Cogmind - Beta 13 @@@ ROGUE MODE // 2024.06.07 @ 20:13:53 Player: Shippujinlai Result: Destroyed by Y-45 Defender with Heavy Assault Rifle Performance ------------- Evolutions (1) 500 Regions Visited (2) 400 Robots Destroyed (13) 65 Value Destroyed (279) 279 Prototype IDs (2) 40 Alien Tech Used (0) 0 Bonus (0) 0 TOTAL SCORE: 1284 Bonus ------- None Cogmind --------- Core Integrity 0/400 Matter 300/300 Energy 99/100 System Corruption 0% Temperature Cool (9) Movement Core (100) Ox1 Location -9/Materials Parts ------- > --- POWER (1) -------- (None) > --- PROPULSION (2) --- (None) > --- UTILITY (4) ------ Small Storage Unit Seismic Detector > --- WEAPON (2) ------- (None) > --- INVENTORY (8) ---- Light Ion Engine Peak State ------------ > --- POWER ------------ Light Ion Engine > --- PROPULSION ------- Light Treads Light Treads > --- UTILITY ---------- Heat Sink Small Storage Unit Seismic Detector Light Armor Plating > --- WEAPON ----------- EM Pulse Gun EM Shotgun > --- INVENTORY -------- Light Ion Engine [Rating: 10] Favorites ----------- Power Light Ion Engine Engine Light Ion Engine Propulsion Light Treads Treads Light Treads Utility Small Storage Unit Device Seismic Detector Storage Small Storage Unit Protection Light Armor Plating Weapon EM Pulse Gun Energy Gun EM Pulse Gun Special Melee Weapon Datajack Build | -11 -10 -9 ------- Run | Yrd Mat Mat Slots Evolved 2 | . . 2 Power . | . . . Propulsion . | . . . Utility 2 | . . 2 Weapon . | . . . Parts Attached 11 | 7 1 3 Power 1 | 1 . . Engine 1 | 1 . . Core . | . . . Reactor . | . . . Propulsion 2 | 2 . . Treads 2 | 2 . . Leg . | . . . Wheel . | . . . Hover . | . . . Flight . | . . . Utility 4 | 2 . 2 Device 2 | 1 . 1 Storage 1 | 1 . . Processor . | . . . Hackware . | . . . Protection 1 | . . 1 Artifact . | . . . Weapon 4 | 2 1 1 Energy Gun 3 | 2 . 1 Energy Cannon . | . . . Ballistic Gun . | . . . Ballistic Cannon . | . . . Launcher . | . . . Special Weapon . | . . . Impact Weapon . | . . . Slashing Weapon . | . . . Piercing Weapon . | . . . Special Melee Weapon 1 | . 1 . Unidentified Prototypes . | . . . Parts Lost 8 | . . 8 Power 1 | . . 1 Propulsion 2 | . . 2 Utility 2 | . . 2 Weapon 3 | . . 3 Highest Loss Streak 4 | . . 4 To Critical Strikes . | . . . Average Slot Usage (%) 73 | . 100 58 Engine 8 | . 14 4 Treads 18 | . 28 12 Device 15 | . 14 16 Storage 12 | . 14 11 Protection 3 | . . 5 Energy Gun 10 | . 14 7 Special Melee Weapon 5 | . 14 . Naked Turns . | . . . Heaviest Build 18 | 13 13 18 Greatest Support 40 | 40 40 40 Greatest Overweight (x) 1 | . . 1 Average Overweight (x) . | . . . Largest Inventory Capacity 8 | 8 8 8 Average Capacity 7 | 7 8 8 Most Carried 1 | 1 1 1 Average Carried . | . 1 1 Final Capacity 8 | 8 8 8 Final Carried 1 | 1 1 1 Class Distribution -------------------- 100% | Mutant Dominant Class ---------------- Mutant | -10/Materials Mutant | -9/Materials Resources | -11 -10 -9 ----------- Run | Yrd Mat Mat Matter Collected 295 | 270 10 15 Remotely . | . . . Salvage Created 432 | 82 204 146 Parts 26 | 3 16 7 Haulers Intercepted 1 | . 1 . Recyclers Shooed 2 | . 1 1 Parts Field Recycled . | . . . Retrieved Matter . | . . . Parts Self-Destructed . | . . . Prevented . | . . . Kills | -11 -10 -9 ------- Run | Yrd Mat Mat Combat Hostiles Destroyed 8 | . 5 3 Guns 3 | . 2 1 AOE 5 | . 3 2 Classes Destroyed 8 | 2 5 1 Worker 1 | . 1 . Tunneler 1 | 1 . . Hauler 1 | . 1 . Recycler 1 | 1 . . Watcher 1 | . 1 . Swarmer 3 | . 3 . Grunt 4 | . 2 2 Sentry 1 | . . 1 Best Kill Streak 6 | 2 6 2 Combat Bots Only 5 | . 5 2 Max Kills in Single Turn 2 | 2 2 2 Gunslinging . | . . . Exploded 2 | . 2 2 Melee . | . . . Uniques/NPCs Destroyed . | . . . Combat | -11 -10 -9 -------- Run | Yrd Mat Mat Hostile Shots Fired 109 | . 30 79 Missed 37 | . 17 20 Damage Taken 1088 | . 176 912 Core 435 | . 35 400 Absorbed by Shields . | . . . Core Remaining (%) 93 | 100 86 . Volleys Fired 56 | 7 34 15 Largest 2 | 2 1 2 Hottest 90 | 90 40 85 Shots Fired 64 | 11 34 19 Gun 64 | 11 34 19 Cannon . | . . . Launcher . | . . . Special . | . . . Kinetic . | . . . Thermal 4 | 4 . . Explosive . | . . . Electromagnetic 60 | 7 34 19 Robot Hit Streak 9 | 4 6 9 Robot Miss Streak 3 | 2 3 1 Penetration Max . | . . . Secondary Targets . | . . . Shots Hit Robots 44 | 7 20 17 Core Hits 17 | 2 9 6 Critical Kills . | . . . Critical Parts Destroyed . | . . . Critical Strikes 2 | 1 1 . Burn 1 | 1 . . Corrupt 1 | . 1 . Melee Attacks 1 | . 1 . Impact . | . . . Slashing . | . . . Piercing . | . . . Sneak Attacks 1 | . 1 . Combat Hostiles . | . . . Follow-up Attacks . | . . . Damage Inflicted 1141 | 150 558 433 Guns 645 | 88 332 225 Cannons . | . . . Explosions 489 | 62 226 201 Melee . | . . . Ramming 7 | . . 7 Kinetic . | . . . Thermal 425 | 86 226 113 Explosive 88 | . . 88 Electromagnetic 621 | 64 332 225 Impact . | . . . Slashing . | . . . Piercing . | . . . Highest Corruption . | . . . Average Corruption . | . . . Corruption Purged . | . . . Corruption Blocked . | . . . Overload Shots . | . . . Overflow Damage 83 | 7 17 59 Projectiles . | . . . Explosions 83 | 7 17 59 Melee . | . . . Knockbacks . | . . . Impact . | . . . Kinetic . | . . . Secondary . | . . . Self-Inflicted Damage 185 | . 36 149 Shots 3 | . 1 2 Rammed 1 | . . 1 Targets Rammed 1 | . . 1 Kicked . | . . . Crushed . | . . . Highest Temperature 120 | 120 21 23 Average Temperature 30 | 61 15 9 Received Heat Transfer 357 | . 63 294 Siege Activations . | . . . Robots Corrupted 1 | . 1 . Combat Hostiles . | . . . Parts Fried 3 | . 2 1 Impact Corruptions . | . . . Robots Melted . | . . . Combat Hostiles . | . . . Parts Melted . | . . . Heat Transferred 698 | 248 350 100 Parts Sabotaged . | . . . Parts Stolen . | . . . Parts Stripped . | . . . Power Chain Reactions 5 | 1 3 1 Alert | -11 -10 -9 ------- Run | Yrd Mat Mat Peak Influence 285 | 10 270 285 Initial 113 | . 6 113 Average 151 | 3 152 188 Maximum Alert Level 1 | . 1 1 Low Security (%) 57 | 100 55 47 Level 1 42 | . 44 52 Level 2 . | . . . Level 3 . | . . . Level 4 . | . . . Level 5 . | . . . High Security . | . . . Max Security . | . . . Squads Dispatched 4 | . 1 3 Investigation 2 | . 1 1 Extermination . | . . . Reinforcement 2 | . . 2 Assault . | . . . Garrison . | . . . Intercept . | . . . Searches Triggered . | . . . Construction Impeded . | . . . Haulers Reinforced . | . . . Active Scanning Responses . | . . . Cargo Convoy Interrupts . | . . . Stealth | -11 -10 -9 --------- Run | Yrd Mat Mat Distress Signals 3 | . 1 2 Communications Jammed . | . . . Distress Signals . | . . . Times Spotted 28 | . 9 19 Peak Tracking Total 8 | . 6 8 Tactical Retreats 4 | . . 4 Traps | -11 -10 -9 ------- Run | Yrd Mat Mat Traps Triggered 1 | . . 1 Indirectly . | . . . Trap Hack Attempts . | . . . Triggered . | . . . Disarmed . | . . . Reprogrammed . | . . . Reused . | . . . Traps Extracted . | . . . Installed . | . . . Triggered 1 | . 1 . Machines | -11 -10 -9 ---------- Run | Yrd Mat Mat Machines Disabled 1 | . . 1 Max in Single Turn 1 | . . 1 Machines Repaired . | . . . Machines Dismantled . | . . . Machines Sabotaged . | . . . Overloaded Fab Kills . | . . . Hacking | -11 -10 -9 --------- Run | Yrd Mat Mat Machines Accessed 1 | . . 1 Terminals 1 | . . 1 Fabricators . | . . . Repair Stations . | . . . Recycling Units . | . . . Scanalyzers . | . . . Garrison Access . | . . . Total Hacks 3 | . . 3 Successful 3 | . . 3 Failed . | . . . Catastrophic . | . . . Database Lockouts . | . . . Manual 3 | . . 3 Terminals 3 | . . 3 Fabricators . | . . . Repair Stations . | . . . Recycling Units . | . . . Scanalyzers . | . . . Garrison Access . | . . . Terminal Hacks 2 | . . 2 Robot Schematic 1 | . . 1 Prototype ID Bank 1 | . . 1 Fabricator Hacks . | . . . Repair Station Hacks . | . . . Recycling Unit Hacks . | . . . Scanalyzer . | . . . Garrison Access Hacks . | . . . Unauthorized Hacks 1 | . . 1 Terminals 1 | . . 1 Botnet 1 | . . 1 Fabricators . | . . . Repair Stations . | . . . Recycling Units . | . . . Scanalyzers . | . . . Garrison Access . | . . . Data Cores Recovered . | . . . Used . | . . . Hacking Detections . | . . . Full Trace Events . | . . . Feedback Events . | . . . Feedback Blocked . | . . . Robot Schematics Acquired 1 | . . 1 Robots Built . | . . . Authchips . | . . . Time . | . . . Total Robot Build Rating . | . . . Part Schematics Acquired . | . . . Parts Built . | . . . Authchips . | . . . Time . | . . . Total Part Build Rating . | . . . Parts Repaired . | . . . Time . | . . . Parts Recycled . | . . . Recycled Matter . | . . . Retrieved Matter . | . . . Retrieved Components . | . . . Parts Scanalyzed . | . . . Part Schematics Acquired . | . . . Parts Damaged . | . . . Bothacking | -11 -10 -9 ------------ Run | Yrd Mat Mat Used RIF Installer . | . . . Robots Hacked . | . . . Non-combat . | . . . Combat . | . . . Robot Hacks Applied . | . . . Relay Couplers Released . | . . . Fabnet Peak Effective % . | . . . Robots Rewired . | . . . Allies Hacked . | . . . Hacks Repelled . | . . . Allies | -11 -10 -9 -------- Run | Yrd Mat Mat Total Allies . | . . . Largest Group . | . . . Highest-Rated Group . | . . . Highest-Rated Ally . | . . . Total Orders . | . . . Ally Attacks . | . . . Total Damage . | . . . Kills . | . . . Allies Corrupted . | . . . Allies Melted . | . . . Intel | -11 -10 -9 ------- Run | Yrd Mat Mat Robot Analysis Total . | . . . Derelict Logs Recovered . | . . . Drone Launches . | . . . Drone Recoveries . | . . . Exploration | -11 -10 -9 ------------- Run | Yrd Mat Mat Turns Passed 788 | 111 248 429 Spaces Moved 424 | 54 108 262 Core 113 | 3 . 110 Treads 311 | 51 108 152 Legs . | . . . Wheels . | . . . Hover . | . . . Flight . | . . . Fastest Speed 50 | 50 160 100 Average Speed 143 | 153 160 134 Slowest Speed 160 | 160 160 160 Overloaded Moves . | . . . Propulsion Burnouts . | . . . Robots Hopped . | . . . Cave-ins Triggered . | . . . Exploration Rate (%) 24 | 4 31 38 Regions Visited 2 Branch Regions . Pre-discovered Areas . | . . . Known Exits Taken . | . . . Unknown Exits Taken 2 | 1 1 . Scrap Searched . | . . . Spaces Dug . | . . . Terrain Destroyed 38 | 3 9 26 Melee . | . . . Projectile . | . . . AOE 38 | 3 9 26 Terrain Rammed . | . . . Walls Destroyed . | . . . Machines Disabled . | . . . Actions | -11 -10 -9 --------- Run | Yrd Mat Mat Total 534 | 68 149 317 Wait 41 | . 5 36 Move 422 | 53 107 262 Hop . | . . . Pick Up 1 | 1 . . Fast Attach 11 | 7 1 3 Attach . | . . . Detach . | . . . Swap . | . . . Drop 1 | . 1 . Fire 56 | 7 34 15 Melee 1 | . 1 . Ram . | . . . Kick . | . . . Crush 1 | . . 1 Escape Stasis . | . . . Rewire . | . . . Trap . | . . . Miscellaneous . | . . . Route ------- -11/Scrapyard -10/Materials -9/Materials History --------- Turn | Location | Event 8 | -11/Scrapyard | Discovered new exit (range 14) 112 | -11/Scrapyard | Entered Materials 311 | -10/Materials | Build established: Mutant 335 | -10/Materials | Discovered new exit (range 14) 360 | -10/Materials | Entered another Materials area 360 | -9/Materials | Evolved 2 slots: Utility x2 567 | -9/Materials | Lost 3 parts (1p1n1w) 687 | -9/Materials | Core integrity fell below 50% 709 | -9/Materials | Lost 4 parts (1n2u1w) 783 | -9/Materials | Core integrity fell below 20% 789 | -9/Materials | Destroyed by Y-45 Defender with Heavy Assault Rifle Last Messages --------------- 00547_ ALERT: Alarm triggered, dispatching investigation squad. 00576_ U-05 Engineer lays Concrete. 00601_ K-01 Serf collects debris. 00609_ O-16 Technician: "IFF HANDSHAKE FAILED. SECURING TERMINAL." 00610_ K-01 Serf collects debris. 00616_ ALERT: Hostiles spotted, dispatching reinforcements to Terminal M007. 00622_ K-01 Serf collects debris. 00623_ EM Pulse Gun destroyed. 00625_ K-01 Serf collects debris. 00634_ W-16 Scout sends out distress signal. 00635_ K-01 Serf collects debris. 00639_ Lgt. Armor Plating destroyed. 00649_ Heat Sink destroyed. 00661_ Slammed into W-16 Scout. 00678_ Lgt. Treads destroyed. 00687_ W-16 Scout sends out distress signal. 00689_ ALERT: Hostiles spotted, dispatching reinforcements to Terminal M010. 00774_ K-01 Serf destroyed. Map ----- +----------------------------------------------------+ | ?????????????????????# """ #????# #???????? | | ?????????????????????# """ #????# #???????? | | ?????????????????????? """ #????# #???????? | | ???????????????????????? ??????# #???????? | | ????????????????????????##/######### #???????? | | ????????????????????????# #???????? | | ????????????????????##??# ##########???????? | | ????????????????????? ?# #????????????????? | | ??????????????????????"?# #????????????????? | | ??????????????????????T #= #????""??????????? | | ??????????????????????? #%*g#??""""??????????? | | ????????????????????????+ # """"" #???????? | | ????????????????????????# g + #???????? | | ????????????????????????# # #???????? | | ????????????????????????# l #??! "Y" #???????? | | ????????????????????????#Y #????""" ????????? | | ????????????????????????# #?????? ????????? | | ????????????????????????# #????????????????? | | ????????????????????????# #????????????????? | | ???????????????????????## ##???????????????? | | ???????????????????????# Y #???????????????? | | ???????????????????????# #???????????????? | | ???????????????????????# +???????????????? | | ???????????????????????# #???????????????? | | ???????????????????????# #???????????????? | | ???????????????????????##@ ##???????????????? | | ????????????????????????# #????????????????? | | ????????????????????????# #????????????????? | | ????????????????????????# #????????????????? | | ????????????????????????# #????????????????? | | ????????????????????????# #????????????????? | | ????????????????????????# +????????????????? | | ????????????????????????# #????????????????? | | ????????????????????????# #????????????????? | | ????????????????????????? #????????????????? | | ????????????????????????? ????????????????? | | ????????????????????????? ????????????????? | | ????????????????????????? ????????????????? | | ?????????????????????????####????????????????? | | ?????????????????????????????????????????????? | | ?????????????????????????????????????????????? | | ?????????????????????????????????????????????? | | ?????????????????????????????????????????????? | | ?????????????????????????????????????????????? | | ?????????????????????????????????????????????? | | ?????????????????????????????????????????????? | | ?????????????????????????????????????????????? | | ?????????????????????????????????????????????? | | ?????????????????????????????????????????????? | | ?????????????????????????????????????????????? | +----------------------------------------------------+ Best States ------------- Heat Dissipation 38 Energy Generation 10 Energy Capacity 125 Matter Stores 300 Matter Capacity 300 Sight Range 16 Terrain Scan Density 10 Armor Coverage 150 Evasion (%) 40 Recoil Reduction 2 Item Schematics ----------------- None Robot Schematics ------------------ M-13 Machinist | -9/Materials | Hacked Fabricated ------------ Nothing Alien Tech Used ----------------- None Achievements -------------- None Challenges ------------ None Game ------ Seed LobotomyReinforcedConstruct Manual? 0 Play Time 00:08:47 Cumulative 56.2 hours Start 2024.06.07 @ 20:07:57 End 2024.06.07 @ 20:13:53 Sessions 1 Manual Loads 0 Difficulty Rogue Special Mode None Game No. 30 Rogue 4 Adventurer 19 Explorer 7 Win Type - Total 2 Types 2/0/0/0/0/0/0/0/0 Lore% 36 Gallery% 50 Achievement% 42 Wizard Run 0 Options --------- Layout 0 ASCII 0 Keyboard 0 Movement Mouse Keybinds 0 Fullscreen 0 Font 24/Smallcaps Map View 74x54 Zoom Use 0% Tactical HUD 1 Map Filters NONE Filters NONE Steam 1 RUN: 2b523592-8c22-4ea2-acc4-6a2aab3add48